Cogmind - Beta 15 @@@ ROGUE MODE // 2025.05.17 @ 13:45:00 Player: Ciaphas Result: Self-destructed Performance ------------- Evolutions (2) 1000 Regions Visited (6) 1200 Robots Destroyed (93) 465 Value Destroyed (3609) 3609 Prototype IDs (2) 40 Alien Tech Used (0) 0 Bonus (1122) 1122 TOTAL SCORE: 7436 Bonus ------- High Alert Combat Kills 222 Entered Garrisons 400 Used RIF Installer 500 Cogmind --------- Core Integrity 49/550 Matter 167/300 Energy 160/160 System Corruption 12% Temperature Cool (0) Movement Core (150) Ox2 Location -8/Garrison Parts ------- > --- POWER (1) -------- Light Nuclear Core > --- PROPULSION (3) --- (None) > --- UTILITY (4) ------ Structural Scanner Target Analyzer ECM Suite > --- WEAPON (3) ------- (None) > --- INVENTORY (5) ---- Relay Coupler [Grunt] (32) Relay Coupler [Grunt] (22) Relay Coupler [Sentry] (24) Relay Coupler [Demolisher] (21) Peak State ------------ > --- POWER ------------ Light Nuclear Core > --- PROPULSION ------- Light Treads Advanced Treads > --- UTILITY ---------- Improved Heat Sink High-capacity Storage Unit Hardened Light Armor Plating High-powered Tractor Beam > --- WEAPON ----------- Heavy Assault Rifle Assault Cannon Assault Cannon > --- INVENTORY -------- Improved Ion Engine Light Nuclear Core Large Matter Pod Structural Scanner Improved Sensor Array Improved Terrain Scanner Seismic Detector ECM Suite Reaction Control System Hardened Light Armor Plating Hacking Suite Relay Coupler [Swarmer] Relay Coupler [Grunt] Relay Coupler [Grunt] Relay Coupler [Grunt] Relay Coupler [Sentry] Relay Coupler [Demolisher] Field Recycling Unit EMP Blaster Improved Grenade Launcher [Rating: 29] Favorites ----------- Power Ion Engine Engine Ion Engine Power Core Light Nuclear Core Propulsion Light Treads Treads Light Treads Leg Aluminum Leg Hover Unit Gravmag System Flight Unit Surge Thruster Utility High-capacity Storage Unit Device Structural Scanner Storage High-capacity Storage Unit Processor Target Analyzer Protection Hardened Light Armor Plating Weapon Assault Cannon Energy Gun Small Laser Energy Cannon Beam Cannon Ballistic Gun Gauss Rifle Ballistic Cannon Assault Cannon Launcher Improved Grenade Launcher Build | -11 -10 -10 -8 -8 -8 -8 ------- Run | Yrd Mat Sub Mat Gar Mat Gar Slots Evolved 4 | . . . 4 . . . Power . | . . . . . . . Propulsion 1 | . . . 1 . . . Utility 2 | . . . 2 . . . Weapon 1 | . . . 1 . . . Parts Attached 71 | 2 15 2 22 10 5 15 Power 14 | . 2 1 6 1 1 3 Engine 9 | . 1 1 6 . 1 . Core 5 | . 1 . . 1 . 3 Reactor . | . . . . . . . Propulsion 21 | . 2 1 4 4 3 7 Treads 13 | . 2 1 4 4 2 . Leg 1 | . . . . . . 1 Wheel . | . . . . . . . Hover 3 | . . . . . . 3 Flight 4 | . . . . . 1 3 Utility 19 | 2 5 . 6 2 . 4 Device 12 | 2 3 . 3 1 . 3 Storage 3 | . 2 . 1 . . . Processor 1 | . . . . . . 1 Hackware . | . . . . . . . Protection 3 | . . . 2 1 . . Artifact . | . . . . . . . Weapon 17 | . 6 . 6 3 1 1 Energy Gun 1 | . . . . . . 1 Energy Cannon 4 | . 2 . 2 . . . Ballistic Gun 6 | . 2 . 2 1 1 . Ballistic Cannon 4 | . 2 . 2 . . . Launcher 2 | . . . . 2 . . Special Weapon . | . . . . . . . Impact Weapon . | . . . . . . . Slashing Weapon . | . . . . . . . Piercing Weapon . | . . . . . . . Special Melee Weapon . | . . . . . . . Unidentified Prototypes 2 | . . . 1 . 1 . Corrupted Parts 2 | . . . . . . 2 System Corruption 7 | . . . . . . 7 Parts Lost 16 | . . 1 . 1 2 12 Power 1 | . . . . . 1 . Propulsion 8 | . . 1 . . 1 6 Utility 2 | . . . . . . 2 Weapon 5 | . . . . 1 . 4 Highest Loss Streak 4 | . . 1 . 1 1 4 To Critical Strikes . | . . . . . . . Average Backups 14 | 4 10 12 14 19 19 13 Power 1 | 1 1 2 3 1 1 1 Propulsion . | 2 1 . . . . . Utility 10 | . 6 10 9 14 15 11 Weapon 1 | . . . 1 2 2 . Tool/Special . | . . . . . . . Unused Backups 17 | . 6 . 2 1 . 8 Power . | . . . . . . . Propulsion 2 | . 2 . . . . . Utility 12 | . 2 . 1 1 . 8 Weapon 3 | . 2 . 1 . . . Tool/Special . | . . . . . . . Average Slot Usage (%) 96 | . 99 100 93 99 99 78 Engine 7 | . 13 14 9 2 5 1 Core 2 | . . . . 6 3 8 Treads 23 | . 22 28 23 27 26 11 Leg 1 | . 5 . . . . 3 Device 13 | . 13 14 19 9 17 11 Storage 12 | . 14 14 9 18 9 6 Protection 5 | . . . 7 9 9 5 Energy Cannon 2 | . 9 . . . . . Ballistic Gun 6 | . 4 . 6 7 9 5 Ballistic Cannon 15 | . 13 28 17 17 18 3 Launcher 1 | . . . . 1 . 8 Peak Build Rating 29 | 9 12 9 26 28 28 29 Average Rating 18 | 6 8 8 16 26 25 23 On Entrance 15 | 6 9 9 9 23 25 27 Naked Turns . | . . . . . . . Heaviest Build 70 | 13 52 52 70 70 67 67 Greatest Support 62 | 20 40 40 60 60 62 62 Greatest Overweight (x) 18 | . 1 1 1 1 1 18 Average Overweight (x) . | . . 1 . 1 . . Largest Inventory Capacity 20 | 8 20 20 20 20 20 20 Average Capacity 18 | 8 17 20 20 20 20 14 Most Carried 20 | 5 15 13 20 20 20 20 Average Carried 14 | 3 10 12 14 19 19 13 Final Capacity 20 | 8 20 20 20 20 20 5 Final Carried 20 | 5 13 13 18 20 19 4 Class Distribution -------------------- 41% | Mutant 31% | Scavenger-Tank 19% | Scavenger-Skirmisher 6% | Scavenger-Mutant Dominant Class ---------------- Mutant | -10/Materials Mutant | -10/Subcaves Scavenger-Skirmisher | -8/Materials Scavenger-Tank | -8/Garrison Scavenger-Skirmisher | -8/Materials Scavenger-Mutant | -8/Garrison Resources | -11 -10 -10 -8 -8 -8 -8 ----------- Run | Yrd Mat Sub Mat Gar Mat Gar Matter Collected 3162 | 224 505 120 702 842 351 418 Remotely 566 | . . . 249 123 . 194 Salvage Created 2868 | 104 574 76 722 788 334 270 Parts 163 | 6 27 4 45 39 13 29 Haulers Intercepted 5 | . 2 . 2 . 1 . Recyclers Shooed 2 | 1 1 . . . . . Parts Field Recycled . | . . . . . . . Retrieved Matter . | . . . . . . . Parts Self-Destructed 4 | . . 4 . . . . Prevented . | . . . . . . . Kills | -11 -10 -10 -8 -8 -8 -8 ------- Run | Yrd Mat Sub Mat Gar Mat Gar Combat Hostiles Destroyed 72 | . 8 4 15 25 9 11 Guns 14 | . . . 4 7 2 1 Cannons 44 | . 8 4 11 11 7 3 AOE 14 | . . . . 7 . 7 Classes Destroyed 14 | 2 6 2 2 . . 2 Worker 3 | . 2 . 1 . . . Builder 1 | . 1 . . . . . Tunneler 1 | 1 . . . . . . Hauler 5 | . 2 . 2 . 1 . Recycler 4 | 1 1 . 2 . . . Operator 2 | . 2 . . . . . Watcher 4 | . 1 . 2 . 1 . Swarmer 19 | . . 2 6 8 2 1 Cutter 3 | . . . . . . 3 Grunt 30 | . 8 1 3 10 5 3 Brawler 1 | . . . 1 . . . Sentry 12 | . . 1 3 6 2 . Hunter 3 | . . . 2 1 . . Programmer 4 | . . . . . . 4 Thug 1 | . . . . 1 . . Best Kill Streak 6 | 2 2 2 6 6 2 5 Combat Bots Only 6 | . 2 2 5 6 2 5 Max Kills in Single Turn 4 | 1 2 1 2 4 2 3 Gunslinging . | . . . . . . . Exploded 3 | . . . . 3 . 2 Melee . | . . . . . . . Uniques/NPCs Destroyed . | . . . . . . . Combat | -11 -10 -10 -8 -8 -8 -8 -------- Run | Yrd Mat Sub Mat Gar Mat Gar Hostile Shots Fired 354 | . 37 62 59 81 50 65 Missed 84 | . 5 12 17 22 9 19 Hits 270 | . 32 50 42 59 41 46 Melee 3 | . . . . . . 3 Projectile 267 | . 32 50 42 59 41 43 AOE 3 | . . . . . . 3 Critical Strikes 10 | . 1 . 3 2 2 2 Damage Taken 4062 | . 411 568 528 907 598 1050 Core 643 | . 71 71 45 106 55 295 Absorbed by Shields . | . . . . . . . Regen/Repaired (Parts) 357 | . . . 357 . . . Core Remaining (%) 71 | 100 . 43 . . . . Volleys Fired 219 | 4 51 17 48 46 35 18 Largest 3 | 2 2 2 3 3 3 3 Hottest 134 | 60 120 60 88 102 97 134 Shots Fired 548 | 8 99 33 142 124 105 37 Gun 167 | 8 25 . 46 39 35 14 Cannon 365 | . 74 33 96 80 70 12 Launcher 16 | . . . . 5 . 11 Special . | . . . . . . . Kinetic 479 | 4 54 33 142 119 105 22 Thermal 53 | 4 45 . . . . 4 Explosive 10 | . . . . 4 . 6 Electromagnetic 6 | . . . . 1 . 5 Robot Hit Streak 10 | 6 9 9 6 10 8 8 Robot Miss Streak 7 | . 5 2 7 4 6 2 Penetration Max 1 | . . . . 1 . . Secondary Targets . | . . . . . . . Shots Hit Robots 289 | 6 55 18 63 72 56 19 Core Hits 139 | 3 21 5 34 38 19 19 Critical Kills 2 | . . . . 2 . . Critical Parts Destroyed 1 | . . . . . 1 . Critical Strikes 11 | . 1 2 1 4 3 . Destroy 3 | . . . . 2 1 . Blast 8 | . 1 2 1 2 2 . Melee Attacks . | . . . . . . . Impact . | . . . . . . . Slashing . | . . . . . . . Piercing . | . . . . . . . Sneak Attacks . | . . . . . . . Combat Hostiles . | . . . . . . . Follow-up Attacks . | . . . . . . . Damage Inflicted 6619 | 61 904 338 1059 2057 1143 1057 Guns 1513 | 61 134 . 324 592 274 128 Cannons 4029 | . 770 338 717 1100 856 248 Explosions 1046 | . . . . 365 . 681 Melee . | . . . . . . . Ramming 31 | . . . 18 . 13 . Kinetic 5079 | 20 519 338 1041 1692 1130 339 Thermal 463 | 41 385 . . . . 37 Explosive 918 | . . . . 365 . 553 Electromagnetic 128 | . . . . . . 128 Impact . | . . . . . . . Slashing . | . . . . . . . Piercing . | . . . . . . . Highest Corruption 12 | . 4 4 . . . 12 Average Corruption 4 | . 3 4 . . . 4 Corruption Purged . | . . . . . . . Corruption Blocked . | . . . . . . . Effects 34 | . 18 7 . . . 9 Message Errors 9 | . 6 . . . . 3 Matter Fused 10 | . 5 4 . . . 1 Heat Flow Errors 5 | . 4 . . . . 1 Energy Discharges 3 | . . 1 . . . 2 Data Loss (minor) 3 | . 2 1 . . . . Data Loss (major) 2 | . . . . . . 2 Alerts 1 | . 1 . . . . . Weapon Failures 1 | . . 1 . . . . Overload Shots . | . . . . . . . Overflow Damage 59 | . 11 . 4 2 8 34 Projectiles 23 | . 11 . 4 . 8 . Explosions 36 | . . . . 2 . 34 Melee . | . . . . . . . Knockbacks 41 | . 5 4 13 6 10 3 Impact . | . . . . . . . Kinetic 40 | . 5 4 13 6 9 3 Secondary 1 | . . . . . 1 . Self-Inflicted Damage 291 | . . . . 37 . 254 Shots 12 | . . . . 1 . 11 Rammed 4 | . . . 1 . 3 . Targets Rammed 5 | . 1 . 1 . 3 . Kicked 1 | . 1 . . . . . Crushed . | . . . . . . . Highest Temperature 366 | 40 366 . 338 340 225 225 Average Temperature 90 | 18 91 . 95 108 76 79 Received Heat Transfer 1320 | . 243 114 135 459 288 81 Effects 4 | . 1 . 1 2 . . Shutdowns 1 | . . . . 1 . . Energy Bleed 2 | . . . 1 1 . . Interference 1 | . 1 . . . . . Siege Activations . | . . . . . . . Martial Activations . | . . . . . . . Shielding Activations . | . . . . . . . Robots Disrupted . | . . . . . . . Combat Hostiles . | . . . . . . . Robots Corrupted . | . . . . . . . Combat Hostiles . | . . . . . . . Parts Fried 1 | . . . . . 1 . Impact Corruptions 1 | . . . . . 1 . Robots Melted . | . . . . . . . Combat Hostiles . | . . . . . . . Parts Melted . | . . . . . . . Heat Transferred 989 | 100 815 . . . . 74 Parts Sabotaged . | . . . . . . . Parts Stolen . | . . . . . . . Parts Stripped . | . . . . . . . Power Chain Reactions . | . . . . . . . Alert | -11 -10 -10 -8 -8 -8 -8 ------- Run | Yrd Mat Sub Mat Gar Mat Gar Maximum Alert Level 3 | . . . 1 3 2 2 Low Security (%) 44 | 100 100 . 47 5 . 7 Level 1 28 | . . . 52 27 46 52 Level 2 20 | . . . . 39 53 40 Level 3 6 | . . . . 28 . . Level 4 . | . . . . . . . Level 5 . | . . . . . . . High Security . | . . . . . . . Max Security . | . . . . . . . Peak Influence 1049 | 10 88 . 295 1049 510 556 Initial 510 | . . . 19 155 510 191 Average 259 | 3 18 . 150 558 385 380 Influence Increases 2610 | 10 324 95 524 904 288 465 Destroy 0b10 Robot/C 1440 | . 160 80 300 500 180 220 Destroy 0b10 Robot/NC 100 | 10 45 . 35 . 10 . Destroy Leader 238 | . 56 . 88 20 44 30 Successful Hack 30 | . 17 . 9 . 4 . Disable Machine 120 | . 15 . 15 15 15 60 Anti-Garrison Action 350 | . . . . 300 . 50 Destroy Structure 122 | . 1 . 2 54 20 45 Partial Spotted 15 | . 15 . . . . . Lose Combat Pursuer 195 | . 15 15 75 15 15 60 Influence Decreases 2074 | 10 259 122 323 94 1043 223 Entered New Map 777 | . . 32 19 84 539 103 Time Decay 987 | 10 259 80 304 . 334 . Lost Part 160 | . . 10 . 10 20 120 Purge Threat 150 | . . . . . 150 . Squads Dispatched 3 | . 2 . 1 . . . Investigation . | . . . . . . . Extermination . | . . . . . . . Reinforcement 3 | . 2 . 1 . . . Assault . | . . . . . . . Garrison . | . . . . . . . Intercept . | . . . . . . . Searches Triggered . | . . . . . . . Construction Impeded . | . . . . . . . Haulers Reinforced . | . . . . . . . Active Scanning Responses . | . . . . . . . Cargo Convoy Interrupts . | . . . . . . . Stealth | -11 -10 -10 -8 -8 -8 -8 --------- Run | Yrd Mat Sub Mat Gar Mat Gar Distress Signals 7 | . 1 . 2 . 4 . Communications Jammed . | . . . . . . . Distress Signals . | . . . . . . . Times Spotted 121 | . 23 6 24 23 21 24 Peak Tracking Total 9 | . 4 3 7 6 5 9 Tactical Retreats 11 | . 1 1 4 1 1 3 Traps | -11 -10 -10 -8 -8 -8 -8 ------- Run | Yrd Mat Sub Mat Gar Mat Gar Traps Triggered 13 | . 2 . . 4 . 7 Indirectly 1 | . . . . . . 1 Trap Hack Attempts . | . . . . . . . Triggered . | . . . . . . . Disarmed . | . . . . . . . Reprogrammed . | . . . . . . . Reused . | . . . . . . . Traps Extracted . | . . . . . . . Installed 3 | . . . . . . 3 Triggered . | . . . . . . . Machines | -11 -10 -10 -8 -8 -8 -8 ---------- Run | Yrd Mat Sub Mat Gar Mat Gar Machines Disabled 14 | . 1 . 1 4 1 7 Max in Single Turn 3 | . 1 . 1 1 1 3 Garrison Relay 4 | . . . . 3 . 1 Machines Repaired . | . . . . . . . Machines Dismantled . | . . . . . . . Machines Sabotaged . | . . . . . . . Overloaded Fab Kills . | . . . . . . . Hacking | -11 -10 -10 -8 -8 -8 -8 --------- Run | Yrd Mat Sub Mat Gar Mat Gar Machines Accessed 17 | . 7 . 5 1 3 1 Terminals 13 | . 7 . 2 1 2 1 Fabricators . | . . . . . . . Repair Stations 2 | . . . 2 . . . Recycling Units . | . . . . . . . Scanalyzers . | . . . . . . . Garrison Access 2 | . . . 1 . 1 . Total Hacks 44 | . 18 . 12 2 10 2 Successful 24 | . 9 . 7 1 7 . Failed 20 | . 9 . 5 1 3 2 Catastrophic 3 | . 1 . . 1 1 . Database Lockouts . | . . . . . . . Manual 22 | . 11 . 4 . 7 . Terminals 34 | . 18 . 4 2 8 2 Fabricators . | . . . . . . . Repair Stations 7 | . . . 7 . . . Recycling Units . | . . . . . . . Scanalyzers . | . . . . . . . Garrison Access 3 | . . . 1 . 2 . Terminal Hacks 6 | . 3 . . 1 2 . Record 1 | . . . . . 1 . Open Door 1 | . . . . 1 . . Alert Level 1 | . 1 . . . . . Unreport Threat 1 | . . . . . 1 . Locate Traps 1 | . 1 . . . . . Hauler Manifests 1 | . 1 . . . . . Fabricator Hacks . | . . . . . . . Repair Station Hacks 6 | . . . 6 . . . Scan Component 3 | . . . 3 . . . Repair 3 | . . . 3 . . . Recycling Unit Hacks . | . . . . . . . Scanalyzer . | . . . . . . . Garrison Access Hacks 3 | . . . 1 . 2 . Unlock Access 2 | . . . 1 . 1 . Coupler Status 1 | . . . . . 1 . Unauthorized Hacks 9 | . 6 . . . 3 . Terminals 9 | . 6 . . . 3 . Botnet 3 | . 1 . . . 2 . Skim 6 | . 5 . . . 1 . Fabricators . | . . . . . . . Repair Stations . | . . . . . . . Recycling Units . | . . . . . . . Scanalyzers . | . . . . . . . Garrison Access . | . . . . . . . Data Cores Recovered . | . . . . . . . Used . | . . . . . . . Hacking Detections 15 | . 6 . 5 1 2 1 Full Trace Events 1 | . . . . 1 . . Feedback Events . | . . . . . . . Feedback Blocked . | . . . . . . . Robot Schematics Acquired . | . . . . . . . Robots Built . | . . . . . . . Authchips . | . . . . . . . Time . | . . . . . . . Total Robot Build Rating . | . . . . . . . Part Schematics Acquired . | . . . . . . . Parts Built . | . . . . . . . Authchips . | . . . . . . . Time . | . . . . . . . Total Part Build Rating . | . . . . . . . Parts Repaired 3 | . . . 3 . . . Time 78 | . . . 78 . . . Parts Recycled . | . . . . . . . Recycled Matter . | . . . . . . . Retrieved Matter . | . . . . . . . Retrieved Components . | . . . . . . . Parts Scanalyzed . | . . . . . . . Part Schematics Acquired . | . . . . . . . Parts Damaged . | . . . . . . . Bothacking | -11 -10 -10 -8 -8 -8 -8 ------------ Run | Yrd Mat Sub Mat Gar Mat Gar Used RIF Installer 1 | . . . . 1 . . Robots Hacked . | . . . . . . . Non-combat . | . . . . . . . Combat . | . . . . . . . Robot Hacks Applied . | . . . . . . . Relay Couplers Released 13 | . . . . 9 . 4 Machine Destruction 13 | . . . . 9 . 4 Fabnet Peak Effective % . | . . . . . . . Robots Rewired 2 | . . . . 2 . . Allies Hacked . | . . . . . . . Hacks Repelled . | . . . . . . . Allies | -11 -10 -10 -8 -8 -8 -8 -------- Run | Yrd Mat Sub Mat Gar Mat Gar Total Allies 2 | . . . . 2 . . Largest Group 2 | . . . . 2 . . Highest-Rated Group 56 | . . . . 56 . . Highest-Rated Ally 31 | . . . . 31 . . Total Orders . | . . . . . . . Ally Attacks 7 | . . . . 7 . . Total Damage 111 | . . . . 111 . . Kills 1 | . . . . 1 . . Allies Corrupted . | . . . . . . . Allies Melted . | . . . . . . . Intel | -11 -10 -10 -8 -8 -8 -8 ------- Run | Yrd Mat Sub Mat Gar Mat Gar Active Infowar (turns) 3280 | 12 1291 169 955 . 694 159 Sensors 960 | . . . 261 . 692 7 Terrain 488 | 8 31 . 449 . . . Structural 3235 | . 1260 169 955 . 694 157 Seismic 4 | 4 . . . . . . ECM 134 | . . . . . . 134 Robot Analysis Total . | . . . . . . . Derelict Logs Recovered 1 | . . 1 . . . . Drone Launches . | . . . . . . . Drone Recoveries . | . . . . . . . Exploration | -11 -10 -10 -8 -8 -8 -8 ------------- Run | Yrd Mat Sub Mat Gar Mat Gar Turns Passed 5656 | 31 1770 169 1087 1325 742 532 Spaces Moved 2324 | 12 760 49 406 473 253 371 Core . | . . . . . . . Treads 1836 | . 542 49 406 473 253 113 Legs 230 | 12 218 . . . . . Wheels . | . . . . . . . Hover 251 | . . . . . . 251 Flight 7 | . . . . . . 7 Fastest Speed 29 | 120 120 240 160 240 160 29 Average Speed 199 | 120 205 240 188 240 238 115 Slowest Speed 755 | 120 240 240 240 240 240 755 Overloaded Moves . | . . . . . . . Propulsion Burnouts . | . . . . . . . Robots Hopped . | . . . . . . . Potential Cave-ins 3 | . . . . . . 3 Cave-ins Triggered . | . . . . . . . Exploration Rate (%) 39 | 2 99 6 48 55 22 45 Regions Visited 6 Branch Regions 1 Pre-discovered Areas . | . . . . . . . Known Exits Taken 2 | . . . 1 . 1 . Unknown Exits Taken 3 | 1 1 1 . . . . Scrap Searched . | . . . . . . . Spaces Dug 1 | . . . . . 1 . Terrain Destroyed 92 | . . . . 32 21 39 Melee . | . . . . . . . Projectile 22 | . . . . 1 21 . AOE 70 | . . . . 31 . 39 Terrain Rammed . | . . . . . . . Walls Destroyed . | . . . . . . . Machines Disabled . | . . . . . . . Actions | -11 -10 -10 -8 -8 -8 -8 --------- Run | Yrd Mat Sub Mat Gar Mat Gar Total 2901 | 22 873 67 617 569 311 442 Wait 128 | . 19 . 99 3 3 4 Move 2317 | 11 759 48 405 471 252 371 Hop . | . . . . . . . Pick Up 36 | 1 10 . 10 8 1 6 Fast Attach 30 | 2 5 . 8 1 5 9 Attach 15 | . 3 1 6 . . 5 Detach 15 | 1 6 . 6 . . 2 Swap 58 | . 8 1 19 17 5 8 Drop 59 | 3 11 . 15 12 7 11 Fire 219 | 4 51 17 48 46 35 18 Melee . | . . . . . . . Ram . | . . . . . . . Kick 1 | . 1 . . . . . Crush 4 | . . . 1 . 3 . Escape Stasis 10 | . . . . 6 . 4 Rewire 6 | . . . . 5 . 1 Trap 3 | . . . . . . 3 Miscellaneous . | . . . . . . . Route ------- -11/Scrapyard -10/Materials (discovered 6 exits: [*Mat x3] / [*Min x2] / [*Sub]) -10/Subcaves -8/Materials (discovered 2 exits: [*Fac] / Gar) -8/Garrison (discovered 2 exits: *Mat x2) -8/Materials -8/Garrison (discovered 1 exit: [*Fac]) History --------- Turn | Location | Event 14 | -11/Scrapyard | Discovered new exit (range 3) 32 | -11/Scrapyard | Entered Materials 318 | -10/Materials | Build established: Mutant 422 | -10/Materials | Discovered new exit (range 7) 439 | -10/Materials | Discovered new exit (range 16) 558 | -10/Materials | Discovered new exit (range 10) 905 | -10/Materials | Discovered new exit (range 5) 1169 | -10/Materials | Discovered new exit (range 5) 1663 | -10/Materials | Discovered new exit (range 8) 1802 | -10/Materials | Entered Subcaves 1803 | -10/Subcaves | Approached by a straggling Scientist 1879 | -10/Subcaves | Discovered new exit (range 16) 1967 | -10/Subcaves | Core integrity fell below 50% 1971 | -10/Subcaves | Entered Materials 1971 | -8/Materials | Evolved 4 slots: Propulsion x1, Utility x2, Weapon x1 2026 | -8/Materials | Repaired Lgt. Cannon 2109 | -8/Materials | Repaired Lgt. Cannon 2137 | -8/Materials | Repaired Lgt. Treads 2733 | -8/Materials | Discovered new exit (range 16) 2867 | -8/Materials | Build established: Scavenger-Skirmisher 3055 | -8/Materials | Identified exit to Garrison 3058 | -8/Materials | Entered Garrison 3098 | -8/Garrison | Triggered checkpoint 3224 | -8/Garrison | Garrison Relay disabled 3311 | -8/Garrison | Build established: Scavenger-Tank 3343 | -8/Garrison | Triggered checkpoint 3474 | -8/Garrison | Triggered checkpoint 3565 | -8/Garrison | Garrison Relay disabled 3616 | -8/Garrison | Discovered new exit (range 9) 3640 | -8/Garrison | Installed Relay Interface Framework 3826 | -8/Garrison | Triggered checkpoint 3898 | -8/Garrison | Discovered new exit (range 8) 4095 | -8/Garrison | Garrison Relay disabled 4383 | -8/Garrison | Entered Materials 4727 | -8/Materials | Build established: Scavenger-Skirmisher 5123 | -8/Materials | Identified exit to Garrison 5125 | -8/Materials | Entered Garrison 5211 | -8/Garrison | Triggered checkpoint 5251 | -8/Garrison | Lost 4 parts (2u2w) 5257 | -8/Garrison | Garrison Relay disabled 5555 | -8/Garrison | Triggered checkpoint 5562 | -8/Garrison | System corruption reached 10% 5569 | -8/Garrison | Core integrity fell below 50% 5573 | -8/Garrison | Discovered new exit (range 8) 5610 | -8/Garrison | Core integrity fell below 20% 5640 | -8/Garrison | Lost 4 parts (2n2w) 5657 | -8/Garrison | Self-destructed Last Messages --------------- 05603_ System corrupted: Matter fused (-6). 05606_ Installed Armageddon Trap. 05607_ The unstable cave ceiling collapses. 05608_ Installed Armageddon Trap. 05609_ Triggered Tesla Bomb Trap. 05609_ A bubble of electromagnetic force engulfs the area. 05609_ Imp. Grenade Launcher destroyed. 05609_ S-10 Pest destroyed. 05609_ Tiamat Bomb Trap short circuited. 05609_ An explosion rips through the floor. 05611_ ALERT: Dispatching investigation squad to Factory. 05613_ The unstable cave ceiling collapses. 05625_ System corrupted: Substantial component data lost. 05628_ Acquired 89 matter. 05642_ System corrupted: Energy discharge (-59). 05656_ Penetrated by Slug. 05656_ Gravmag System destroyed. Map ----- +----------------------------------------------------+ | ??????????????????? ?????????????????????????????? | | ??????????????????? ?????????????????????????????? | | ??????????????##### ?????????????????????????????? | | ??????????????# # ?????????????????????????????? | | ?????????###### #+#????????????????????????????? | | ####???### "#????????????????????????????? | | #???#"# ######## #????????????????????????????? | | < #???#" #??????# #????????????????????????????? | | #???#" #??????# #????????????????????????????? | | # #???#" #??????# #????????????????????????????? | | # #???#"# #??????# #????????????????????????????? | | # #???#####??????# #????????????????????????????? | | # #??????????????# #????????????????????????????? | | # #??????????????# #????????????????????????????? | | # #######+######## #######??????????????????????? | | * ^ #??????????????????????? | | [ #??????????????????????? | | ############# ######## #??????????????????????? | | #???????????# #??????# #??????????????????????? | | #???????????# #??????# #??????????????????????? | | #???????????# #??????# #??????????????????????? | | ##???????????# #??????# #??????????????????????? | | ?????????????# #??????# #??????????????????????? | | ?????????????# #??????# #??????????????????????? | | ?????????????# #?????## ##""""########?????????? | | ?????????????# ####### @h ????????? | | ?????????????# h ????????? | | ?????????????# ????????? | | ?????????????########## ## ## ###?????????? | | ??????????????????????# ## ## #???????????? | | ??????????????????????" "???????????? | | ??????????????????????" "???????????? | | ??????????????????????" "???????????? | | ??????????????????????" "???????????? | | ??????????????????????# ## ## #???????????? | | ??????????????????????# ## ## ###?????????? | | ##???####????????###### ????????? | | "#??## ####??????# # ????????? | | ##### # # ####???# #### #???????????? | | [#???# #??## ##""""## ##???????????? | | ###### ### #???# #???# #??????? #????????????? | | ?????# #?# ##### ##### #???????? #????????????? | | ?????## ##?#!"= # #?????????#????????????? | | ??????# #??#!##### ##### #??????????????????????? | | ??????# ?# #???# ## # #??????????????????????? | | ??????# #### #???# # = #??????????????????????? | | ??????# #### ##### !#[ =###????????????????????? | | ??????# # * *!*/ #????????????????????? | | ??????### ! !!=[!#????????????????????? | | ????????# ####### # |!!!!#????????????????????? | +----------------------------------------------------+ Best States ------------- Heat Dissipation 45 Energy Generation 14 Energy Capacity 265 Matter Stores 300 Matter Capacity 450 Sight Range 16 Robot Scan Range 15 Terrain Scan Range 16 Terrain Scan Density 10 ECM Strength 1 Armor Coverage 300 Evasion (%) 55 Target Analysis 5 Recoil Reduction 3 Item Schematics ----------------- None Robot Schematics ------------------ None Fabricated ------------ Nothing Repaired ---------- Lgt. Cannon | 11% | -8/Materials Lgt. Cannon | 4% | -8/Materials Lgt. Treads | 2% | -8/Materials Alien Tech Used ----------------- None Achievements -------------- None Challenges ------------ None Game ------ Seed DecoderDroneTrident Manual? 0 Play Time 00:51:19 Cumulative 40.0 hours Start 2025.05.17 @ 12:56:07 End 2025.05.17 @ 13:45:00 Sessions 1 Manual Loads 0 Difficulty Rogue Special Mode None Game No. 63 Rogue 63 Adventurer 0 Explorer 0 Win Type - Total 1 Types 1/0/0/0/0/0/0/0/0/0 Lore% 28 Gallery% 30 Achievement% 34 Wizard Run 0 Options --------- Layout 2 ASCII 0 Keyboard 0 Movement Numpad Keybinds 0 Fullscreen 2 Font 32/Tamsyn Map View 50x44 Zoom Use 0% Tactical HUD 1 Map Filters NONE Filters NONE Steam 1 RUN: 44b2be87-7e9d-427f-83e6-f5bca2e3659d